cohdb
Replays
Latest Replays
All Replays
Popular Replays
Top Player Replays
Match Explorer
How It Works
Community
CoH3 Stats
Reddit
Sign in to upload your games and track your stats! →
Sign in with Steam
Match 42345974
Unlisted
Match 42345974
Overview
Messages
Build Orders
End
Vickers Machine Gun Team
Construct Section Command Post
Dingo Light Scout Car
Infantry Section
Selects Air and Sea Battlegroup
Infantry Section
Construct Platoon Command Post
Grenade Package
Selects Commando Section Paradrop
Commando Section Paradrop
Humber Armored Car
Commando Section Paradrop
6-pounder Anti-tank Gun Team
Selects M1 Pack Howitzer Paradrop
Construct Company Command Post
Construct Company Command Post
Selects M1 Pack Howitzer Paradrop
Selects Incendiary Bombing Run
Incendiary Bombing Run
Matilda II Heavy Tank
6-pounder Anti-tank Gun Team
Selects Supply Surplus
Selects UNKNOWN (223837)
Žižek's sublime zasvojenost
Schindler's Lift
Jeremy "Jez" Usbourne
homig
Alvarez
kerem
0
0
Comments
sign in to comment!
No comments posted yet!